 Dungeon Crawl Stone Soup version 0.27-a0-333-gfa571bf19a (webtiles) character file.

Game seed: 4159830803955391636

13145 dickylongcocking the Impaler (level 12, 0/100 HPs)
             Began as a Merfolk Gladiator on Feb 13, 2021.
             Was an Elder of Makhleb.
             Slain by an orc warrior
             ... wielding a +0 hand axe
             ... led by an orc warlord
              (24 damage)
             ... on level 10 of the Dungeon.
             The game lasted 00:13:38 (14877 turns).

dickylongcocking the Impaler (Merfolk Gladiator)   Turns: 14877, Time: 00:13:39

Health: 0/100      AC: 18    Str: 18    XL:     12   Next: 2%
Magic:  14/14      EV: 12    Int: 15    God:    Makhleb [****..]
Gold:   445        SH:  5    Dex: 15    Spells: 11/11 levels left

rFire    . . .     SeeInvis .   L - +2 halberd
rCold    . . .     Faith    .   (shield currently unavailable)
rNeg     . . .     Spirit   .   u - +0 chain mail
rPois    .         Reflect  +   n - +2 hat
rElec    .         Harm     .   y - +0 cloak
rCorr    .         Rampage  .   m - +0 pair of gloves
Will     .....                  (no boots)
Stlth    ..........             A - amulet of reflection
HPRegen  0.26/turn              x - +4 ring of protection
MPRegen  0.14/turn              o - +6 ring of intelligence

@: no status effects
A: change form in water, swift swim, stealthy swim
a: Renounce Religion, Minor Destruction, Lesser Servant of Makhleb, Major
Destruction


You were on level 10 of the Dungeon.
You worshipped Makhleb.
Makhleb was greatly pleased with you.
You visited 2 branches of the dungeon, and saw 11 of its levels.

You collected 560 gold pieces.
You spent 115 gold pieces at shops.

Inventory:

Hand Weapons
 a - a +0 trident
 s - a +0 halberd
 L - a +2 halberd (weapon)
Missiles
 e - 23 boomerangs (quivered)
Armour
 b - a +0 leather armour
 c - a +0 helmet
 m - a +0 pair of gloves (worn)
 n - a +2 hat (worn)
 u - a +0 chain mail (worn)
 y - a +0 cloak (worn)
Jewellery
 k - an amulet of magic regeneration
 o - a +6 ring of intelligence (right hand)
 r - a ring of flight
 w - a ring of ice
 x - a +4 ring of protection (left hand)
 A - an amulet of reflection (around neck)
 D - a ring of wizardry
 N - a +6 ring of intelligence
Wands
 t - a wand of digging (3)
 B - a wand of mindburst (21)
 G - a wand of iceblast (10)
 J - a wand of paralysis (2)
Scrolls
 d - 3 scrolls of amnesia
 f - a scroll of enchant weapon
 h - 2 scrolls of identify
 i - 2 scrolls of magic mapping
 j - 2 scrolls of noise
 l - a scroll of random uselessness
 q - 3 scrolls of teleportation
 F - 4 scrolls of blinking
 K - a scroll of enchant armour
 O - a scroll of fog {unknown}
Potions
 g - 3 potions of attraction
 v - 2 potions of curing
 z - a potion of magic
 C - 2 potions of cancellation
 E - 2 potions of might
 H - a potion of berserk rage
 I - 2 potions of resistance
 M - a potion of heal wounds


   Skills:
 * Level 11.4 Fighting
 - Level 16.0 Polearms
 - Level 2.2 Throwing
 * Level 5.5 Armour
 * Level 10.4 Dodging
 - Level 0.1 Stealth
 * Level 3.2 Invocations


You had 11 spell levels left.
You didn't know any spells.
Your spell library contained the following spells:

 Spells                   Type           Power        Failure   Level
 Corona                   Hex            0%           97%         1
 Ensorcelled Hibernation  Hex/Ice        0%           99%         2
 Confusing Touch          Hex            0%           100%        3
 Dazzling Flash           Conj/Hex       0%           100%        3
 Tukima's Dance           Hex            0%           100%        3


Dungeon Overview and Level Annotations

Branches:
Dungeon (10/15)            Temple (0/1) D:5            Lair (0/6) D:9
    Orc (1/2) D:10

Altars:
Cheibriados
Elyvilon
Makhleb
Wu Jian
Yredelemnul
Zin
Beogh

Shops:
D:4 [   D:9 ?


Message History

The orc warrior is severely wounded.
The orc hits you with a +0 dagger. You block the orc warrior's attack.
You hit the orc warrior but do no damage.
The orc warrior is severely wounded.
The orc warrior hits you with a +0 hand axe!
You puncture the orc warrior!
You kill the orc warrior!
Makhleb accepts your kill.
You feel better. The orc barely misses you.
The orc warrior hits you with a +0 hand axe!
Items here: ))) [[[.
You slash the orc!
You kill the orc!
Makhleb accepts your kill.
You feel better.
The orc warrior hits you with a +0 hand axe!!
* * * LOW HITPOINT WARNING * * *
There is a staircase to the Orcish Mines, spattered with blood here.
Things that are here:
a +0 dagger; an orc corpse You hit the orc warrior but do no damage.
The orc warrior hits you with a +0 hand axe!
* * * LOW HITPOINT WARNING * * *
You hit the orc warrior.
The orc warrior is lightly wounded.
You feel much better.
The orc warrior hits you with a +0 hand axe!
* * * LOW HITPOINT WARNING * * *
You hit the orc warrior.
The orc warrior is moderately wounded.
The orc warrior hits you but does no damage.
You hit the orc warrior but do no damage.
The orc warrior is moderately wounded.
The orc warrior hits you but does no damage.
You hit the orc warrior but do no damage.
The orc warrior is moderately wounded.
You puncture the orc warrior!
The orc warrior is severely wounded.
The orc warrior hits you with a +0 hand axe!!
You die...

................§≈§.........=..#.
....≈≈≈..............).........##
....≈≈≈......................###
....§§§..##8'8#####8'8##....##
.........#......8......#...##
.........#.............#.#.#
.........#...⌠.._..⌠...#.###
.........#......o......##.#
.........#......@).....####
.........###############
......).........)...#
....#.#.............#########
...#.##........#..##)...)...#
##...#......####....#########
############ ######


You could see an orc warrior (strong).

Vanquished Creatures
  5 two-headed ogres
  Erica (D:8)
  Pikel (D:5)
  An orc sorcerer (Orc:1)
  2 orc knights (D:10)
  A centaur zombie (D:9)
  Maggie (D:10)
  A troll (D:9)
  Grinder (D:4)
  A wyvern (D:9)
  5 yaks (D:10)
  Edmund (D:4)
  11 orc warriors
  A black bear (D:7)
  3 ice beasts
  2 eyes of draining (D:9)
  2 sky beasts
  7 ogres
  A necrophage (D:10)
  A centaur (D:6)
  4 phantoms
  8 bullfrogs
  2 scorpions
  2 electric eels
  6 wights (D:9)
  5 howler monkeys
  A bullfrog zombie (D:8)
  3 bullfrog skeletons
  3 hounds
  11 orc priests
  3 jellies
  2 iguanas
  14 orc wizards
  6 worker ants
  Natasha (twice) (D:2)
  A killer bee zombie (D:10)
  A hound skeleton (D:4)
  A worker ant zombie (D:10)
  15 gnolls
  10 adders
  4 white imps
  An ufetubus (D:6)
  An ooze (D:1)
  An adder skeleton (D:5)
  5 worms (D:3)
  6 leopard geckos
  63 orcs
  5 giant cockroaches
  6 goblins
  8 hobgoblins
  5 jackals
  4 quokkas
  3 ball pythons
  5 bats
  5 frilled lizards
  A jackal skeleton (D:3)
  A jackal zombie (D:9)
  12 kobolds
  A leopard gecko skeleton (D:5)
  2 quokka skeletons
  7 rats
295 creatures vanquished.

Notes
Turn   | Place    | Note
-------+----------+-------------------------------------------
     0 | D:1      | dickylongcocking the Merfolk Gladiator began the quest for
                  | the Orb.
     0 | D:1      | Reached XP level 1. HP: 16/16 MP: 1/1
   240 | D:1      | Reached skill level 5 in Polearms
   240 | D:1      | Reached XP level 2. HP: 8/23 MP: 2/2
   705 | D:1      | Reached XP level 3. HP: 28/28 MP: 3/3
  1455 | D:2      | Reached skill level 6 in Polearms
  1465 | D:2      | Reached XP level 4. HP: 27/34 MP: 4/4
  1711 | D:2      | Noticed Natasha
  1723 | D:2      | Killed Natasha
  1724 | D:2      | Reached skill level 7 in Polearms
  1724 | D:2      | Noticed Natasha
  1734 | D:2      | Killed Natasha
  1735 | D:2      | Reached XP level 5. HP: 33/39 MP: 5/5
  1996 | D:2      | You fall into a shaft and drop 1 floor!
  2061 | D:3      | Reached skill level 8 in Polearms
  2420 | D:3      | Reached skill level 9 in Polearms
  2424 | D:3      | Reached XP level 6. HP: 26/45 MP: 6/6
  3528 | D:4      | Found a burning altar of Makhleb.
  3542 | D:4      | Reached skill level 10 in Polearms
  3542 | D:4      | Reached XP level 7. HP: 45/53 MP: 7/7
  3588 | D:4      | Became a worshipper of Makhleb the Destroyer
  3606 | D:4      | Noticed Grinder
  3608 | D:4      | Paralysed by Grinder for 3 turns
  3622 | D:4      | Killed Grinder
  3812 | D:4      | Found Vakeyhek's Armour Emporium.
  3935 | D:4      | Noticed Edmund
  3953 | D:4      | Killed Edmund
  3954 | D:4      | Reached skill level 5 in Fighting
  3954 | D:4      | Reached skill level 11 in Polearms
  3954 | D:4      | Reached XP level 8. HP: 45/62 MP: 8/8
  4694 | D:5      | Entered Level 5 of the Dungeon
  4957 | D:5      | Found a staircase to the Ecumenical Temple.
  5233 | D:5      | Found an ornate altar of the Wu Jian Council.
  5265 | D:5      | Noticed Pikel
  5297 | D:5      | Killed Pikel
  5298 | D:5      | Reached skill level 12 in Polearms
  6228 | D:6      | Reached XP level 9. HP: 30/72 MP: 9/9
  6452 | D:6      | Reached skill level 13 in Polearms
  6586 | D:6      | Found a glowing silver altar of Zin.
  6885 | D:6      | Found a snail-covered altar of Cheibriados.
  6962 | D:6      | Reached * piety under Makhleb
  7106 | D:6      | Reached skill level 1 in Armour
  7387 | D:6      | Found a basalt altar of Yredelemnul.
  8429 | D:6      | Reached skill level 5 in Dodging
  9839 | D:7      | Reached skill level 14 in Polearms
 10115 | D:7      | Reached ** piety under Makhleb
 10136 | D:7      | Reached XP level 10. HP: 83/83 MP: 10/10
 10271 | D:7      | You fall into a shaft and drop 1 floor!
 10401 | D:8      | Found a white marble altar of Elyvilon.
 10925 | D:8      | Noticed Erica
 10946 | D:8      | Killed Erica
 11674 | D:9      | Reached skill level 10 in Fighting
 11901 | D:8      | Reached *** piety under Makhleb
 12145 | D:9      | Found Donig's Magic Scroll Boutique.
 12149 | D:9      | Found a staircase to the Lair.
 12153 | D:9      | Bought a scroll of identify for 20 gold pieces
 12153 | D:9      | Bought a scroll of identify for 20 gold pieces
 12153 | D:9      | Bought a scroll of blinking for 75 gold pieces
 12383 | D:9      | Noticed a two-headed ogre
 12398 | D:9      | Killed a two-headed ogre
 12399 | D:9      | Reached skill level 15 in Polearms
 12399 | D:9      | Reached XP level 11. HP: 74/92 MP: 11/11
 12817 | D:10     | Entered Level 10 of the Dungeon
 12835 | D:10     | Noticed a two-headed ogre
 12893 | D:9      | Killed a two-headed ogre
 13274 | D:10     | Noticed a two-headed ogre
 13281 | D:10     | Killed a two-headed ogre
 13392 | D:10     | Noticed Maggie
 13404 | D:10     | Killed Maggie
 13479 | D:10     | Reached **** piety under Makhleb
 13487 | D:10     | Noticed an orc knight
 13496 | D:10     | Reached skill level 5 in Armour
 13556 | D:10     | Noticed a two-headed ogre
 13594 | D:10     | Killed a two-headed ogre
 13595 | D:10     | Reached skill level 1 in Invocations
 13871 | D:10     | Noticed an orc knight
 13895 | D:10     | Killed an orc knight
 13901 | D:10     | Noticed a two-headed ogre
 13903 | D:10     | Killed an orc knight
 13908 | D:10     | Killed a two-headed ogre
 13909 | D:10     | Reached skill level 16 in Polearms
 13909 | D:10     | Reached skill level 10 in Dodging
 14077 | D:10     | Found a roughly hewn altar of Beogh.
 14077 | D:10     | Found a staircase to the Orcish Mines.
 14319 | Orc:1    | Entered Level 1 of the Orcish Mines
 14320 | Orc:1    | Noticed an orc sorcerer
 14328 | Orc:1    | Paralysed by an orc sorcerer for 2 turns
 14333 | Orc:1    | Noticed an orc warlord
 14334 | Orc:1    | Killed an orc sorcerer
 14354 | D:10     | Reached XP level 12. HP: 30/100 MP: 14/14
 14877 | D:10     | Slain by an orc warrior

Illustrated notes

Levels and vault maps discovered:
D:1:      amcnicky_arrival_single_pillar, layout_basic, serial_park_tiny_2
D:2:      layout_basic, minmay_distorted, uniq_natasha
D:3:      layout_basic, minmay_three_crescents
D:4:      layout_loops_cross, bloody_makhleb, serial_shops,
          nicolae_shop_waterfront, hangedman_abyss_or_decor_lesser_grid,
          uniq_grinder, uniq_edmund
D:5:      layout_basic, nzn_wu_jian_contemplation,
          minmay_temple_entry_antechambers, uniq_pikel
D:6:      layout_loops_corners, zin_academy, lemuel_round_altar,
          nicolae_overflow_hidden_temple, nrook_pool_corridor,
          minmay_misc_feat_x
D:7:      layout_loops_corners, nicolae_water_bricks
D:8:      layout_rooms, nicolae_overflow_crystal_walls, uniq_erica
D:9:      layout_cave_pools, lair_entry_dummy, serial_shops, shop,
          kennysheep_dice
D:10:     layout_big_octagon, david_orc_5, uniq_maggie
Orc:1:    layout_caves, serial_shops, nicolae_shop_waterfront

Skill      XL: |  1  2  3  4  5  6  7  8  9 10 11 |
---------------+----------------------------------+-----
Polearms       | 5 6 7 9 10 11 12 14 15 16 | 16.0
Fighting       | 3 5 7 9 10 11 | 11.4
Armour         | 2 4 5 |  5.5
Dodging        | 5 8 10 | 10.4
Invocations    | 3 |  3.2
Throwing       | |  2.2
Stealth        | |  0.1

Action                   |  1- 3 |  4- 6 |  7- 9 | 10-12 || total
-------------------------+-------+-------+-------+-------++-------
Melee: Trident           |   102 |   210 |   346 |       ||   658
       Halberd           |       |       |   100 |   556 ||   656
       Tailslap          |       |       |     1 |     8 ||     9
Throw: Throwing net      |     3 |       |       |       ||     3
       Boomerang         |       |     7 |     2 |       ||     9
Invok: Lesser Servant of |       |       |       |     1 ||     1
Evoke: Wand              |       |       |       |    13 ||    13
  Use: Potion            |     3 |     1 |     4 |     4 ||    12
       Scroll            |       |       |       |    14 ||    14
 Stab: Held in net/web   |     1 |       |       |       ||     1
       Sleeping          |     1 |     2 |     2 |       ||     5
       Invisible         |     5 |       |       |       ||     5
       Paralysed         |       |       |       |    15 ||    15
Armor: Leather armour    |    20 |    31 |    66 |       ||   117
       Chain mail        |       |       |    21 |   207 ||   228
Dodge: Dodged            |    45 |   148 |   153 |   195 ||   541
Block: Other             |       |       |       |    80 ||    80
       Reflection        |       |       |       |     1 ||     1

Table legend: (Time is in decaauts)
 A = Elapsed time spent in this place.
 B = Non-inter-level travel time spent in this place.
 C = Inter-level travel time spent in this place.
 D = Time resting spent in this place.
 E = Time spent auto-exploring this place.
 F = Levels seen in this place.
 G = Mean time per level.
                   A        B        C        D        E       F      G
               +--------+--------+--------+--------+--------+-----+--------+
         Total |  14562 |  14322 |    240 |   2544 |   9600 |  11 | 1323.8 |
       Dungeon |  14536 |  14297 |    239 |   2544 |   9600 |  10 | 1453.6 |
  Orcish Mines |     26 |     26 |      0 |      0 |      0 |   1 |   26.0 |
               +--------+--------+--------+--------+--------+-----+--------+

Top non-repeatable levels by time:
     D:6: 2485 daAuts
     D:5: 1977 daAuts
    D:10: 1617 daAuts
     D:9: 1455 daAuts
     D:8: 1360 daAuts
     D:4: 1359 daAuts
     D:1: 1356 daAuts
     D:3: 1293 daAuts
     D:7: 989 daAuts
     D:2: 639 daAuts
   Orc:1: 26 daAuts
